 Dungeon Crawl Stone Soup version 0.29-a0-994-gc5c9f59d18 (webtiles) character file.

Game seed: 11508179394847570635

941 nicolae the Changer (level 7, -3/48 HPs)
             Began as a Demonspawn Transmuter on Aug 3, 2022.
             Was an Initiate of Wu Jian.
             Slain by a yak (5 damage)
             ... on level 6 of the Dungeon.
             The game lasted 00:11:06 (6967 turns).

nicolae the Changer (Demonspawn Transmuter)         Turns: 6967, Time: 00:11:06

Health: -3/48      AC:  2    Str: 15    XL:     7   Next: 88%
Magic:  0/10       EV: 21    Int: 16    God:    Wu Jian [......]
Gold:   295        SH:  0    Dex: 18    Spells: 0/10 levels left

rFire   . . .      SeeInvis .     - Unarmed
rCold   + . .      Faith    .   (shield currently unavailable)
rNeg    . . .      Spirit   +   (body armour currently unavailable)
rPois   .          Reflect  .   (helmet currently unavailable)
rElec   .          Harm     .   (cloak currently unavailable)
rCorr   .          Rampage  .   (gloves currently unavailable)
Will    .....                   (boots currently unavailable)
Stlth   ++........              g - amulet of guardian spirit
HPRegen 0.16/turn               l - ring of Oguoshrax {rPois Str+4}
MPRegen 0.12/turn               s - ring of protection from cold

@: spider-form
A: venomous fangs, tiny, repulsion field 1, (spiny 1)
a: End Transformation, Renounce Religion


You were on level 6 of the Dungeon.
You worshipped Wu Jian.
Wu Jian was noncommittal.
You were a venomous arachnid creature.
You visited 2 branches of the dungeon, and saw 7 of its levels.

You collected 295 gold pieces.

Inventory:

Missiles
 w - 10 poisoned darts
Armour
 a - a +0 robe
 q - a +0 pair of gloves (melded)
 t - a +0 helmet (melded)
 y - the +5 ring mail of Elitism (melded) {rPois Str+4}
   (You found it on level 6 of the Dungeon)

   Str:       It affects your strength (+4).
   rPois:     It protects you from poison.
Jewellery
 g - an amulet of guardian spirit (around neck)
 l - the ring of Oguoshrax (left front leg) {rPois Str+4}
   (You found it on level 2 of the Dungeon)

   [ring of poison resistance]

   Str:       It affects your strength (+4).
   rPois:     It protects you from poison.
 s - a ring of protection from cold (right front leg)
Scrolls
 k - a scroll of amnesia
 n - a scroll of identify
 x - a scroll of fear {unknown}
Potions
 b - 2 potions of lignification
 c - 2 potions of brilliance
 e - 2 potions of ambrosia
 f - 2 potions of heal wounds
 h - 3 potions of curing
 i - a potion of might {unknown}
 m - 2 potions of haste {unknown}
 o - a potion of mutation {unknown}
 p - a potion of magic {unknown}
 r - a potion of cancellation {unknown}
 v - a potion of flight {unknown}


   Skills:
 - Level 1.0 Fighting
 + Level 4.4 Throwing
 - Level 1.7 Dodging
 - Level 3.0 Unarmed Combat
 - Level 2.0 Spellcasting
 - Level 5.0 Transmutations
 - Level 5.0 Poison Magic


You couldn't memorise any spells.
You knew the following spells:

 Your Spells              Type           Power      Damage    Failure   Level
a - Beastly Appendage     Tmut           34%        N/A       10%         1
b - Wereblood             Tmut           17%        N/A       13%         2
c - Spider Form           Tmut/Pois      17%        N/A       21%         3
d - Ice Form              Ice/Tmut       9%         N/A       78%         4

Your spell library contained the following spells:

 Spells                   Type           Power      Damage    Failure   Level
 Ensorcelled Hibernation  Hex/Ice        2%         N/A       52%         2
 Anguish                  Hex/Necr       0%         N/A       97%         4


Dungeon Overview and Level Annotations

Branches:
Dungeon (6/15)             Temple (1/1) D:6

Altars:
Dithmenos
Hepliaklqana
Kikubaaqudgha
Makhleb
Nemelex Xobeh
Sif Muna
Uskayaw
Wu Jian
Yredelemnul

Annotations:
D:3 1 runed translucent door, Crazy Yiuf
D:5 2 transporters, gdog's ghost, weakling GnDe


Innate Abilities, Weirdness & Mutations

You are a venomous arachnid creature.
You have poisonous fangs.
You are tiny and dextrous.
Your spellcasting is less reliable in this form.
Your armour is entirely melded.
You are incapable of wielding weapons or throwing items.
You are surrounded by a mild repulsion field. (EV +2)
((You are partially covered in sharp spines.))


Message History

The spell is extremely dangerous to miscast (77% risk of failure)!
Continue anyway?
Okay, then.
Casting: Ice Form (extremely dangerous; 77% risk of failure)
Confirm with . or Enter, or press ? or * to list all spells.
You turn into a venomous arachnid creature.
Your +0 helmet melds into your body.
Your +0 pair of gloves melds into your body.
The +5 ring mail of Elitism {rPois Str+4} melds into your body.
You lunge at the yak.
You hit the yak but do no damage.
The yak looks as sick as possible!
The yak is lightly wounded.
The yak gores you!
You hit the yak but do no damage.
The yak looks as sick as possible!
The yak is lightly wounded.
The yak misses you.
You hit the yak.
The yak looks as sick as possible!
The yak is moderately wounded.
The yak gores you!
You lunge at the yak.
The yak bellows!
You bite the yak!
The yak is poisoned.
The yak is lightly wounded.
The yak barely misses you.
As you read the scroll labelled EFREGA WESAMAAPT, it crumbles to dust.
You hear a loud clanging noise!
It was a scroll of noise.
The yak misses you. x2
The air fills with toxic fumes!
As you read the scroll labelled OMAUWU DUSOU, it crumbles to dust.
It was a scroll of poison.
The yak misses you. x3
As you read the scroll labelled ZUXKERHENKI, it crumbles to dust.
The creatures around you are filled with an inner flame!
It was a scroll of immolation.
Flame seeps out of the yak.
The yak gores you but does no damage.
The yak is engulfed in blazing flames.
The Council accepts your kill.
The yak explodes!
The fiery explosion engulfs you!!
Ouch! That really hurt!
* * * LOW HITPOINT WARNING * * *
The yak gores you.
You die...

#.......#.##.#.#########..###
###......§§..§§§§#########..#
#...#...#.§§.§§§§§...!..##..#
#...)#.#..#§##§§§######.##..###
#.....>....§§§§§§# #.........
###....#.#....§§§§§#####..##..###
......#...#..[.§§§§§.<##..##.## #
#...........####YY###.##.>.#.####
...)#.#####.# #s§# #.##.#.#.....
#.###.###...# #○§# #........####
#.###.......# #§§# ####.#.######
......###.#.# #§§######.........
#.##### #.#.# #§§§........######
#.# #.#.# #§########..# #.#
###.#.# #§# #..# #.# #.....# #§#
#..# ..# #.#.### #.# #..#


You could see 2 yaks.

Vanquished Creatures
  3 yaks (D:6)
  An ogre (D:5)
  A phantom (D:5)
  A bullfrog (D:6)
  A scorpion (D:5)
  3 hounds
  3 iguanas
  4 orc wizards
  2 adders
  An ufetubus (D:6)
  3 dart slugs
  13 orcs
  7 ball pythons
  8 endoplasms
  5 giant cockroaches
  11 goblins
  7 hobgoblins
  4 jackals (D:3)
  2 quokkas
  2 bats
  2 frilled lizards
  6 kobolds
  2 rats
  A toadstool (D:1)
93 creatures vanquished.

Vanquished Creatures (others)
  3 toadstools (D:1)
3 creatures vanquished.

Grand Total: 96 creatures vanquished

Notes
Turn   | Place    | Note
-------+----------+-------------------------------------------
     0 | D:1      | nicolae the Demonspawn Transmuter began the quest for the
                  | Orb.
     0 | D:1      | Reached XP level 1. HP: 15/15 MP: 3/3
    32 | D:1      | Found a faded altar of an unknown god.
   368 | D:1      | Gained mutation: You are surrounded by a mild repulsion
                  | field. (EV +2) [demonic ancestry]
   368 | D:1      | Reached XP level 2. HP: 11/21 MP: 5/5
   669 | D:1      | Learned a level 2 spell: Wereblood
  1770 | D:2      | Reached XP level 3. HP: 23/26 MP: 6/6
  1805 | D:2      | Identified the ring of Oguoshrax {rPois Str+4}
  2577 | D:3      | Found a runed translucent door.
  2578 | D:3      | Noticed Crazy Yiuf
  3041 | D:3      | Gained mutation: You are partially covered in sharp spines.
                  | [demonic ancestry]
  3041 | D:3      | Reached XP level 4. HP: 32/32 MP: 3/7
  3198 | D:3      | Found a sparkling altar of Nemelex Xobeh.
  3200 | D:3      | Found an ancient bone altar of Kikubaaqudgha.
  3456 | D:4      | Found a hazy altar of Hepliaklqana.
  3467 | D:4      | Found a shadowy altar of Dithmenos.
  3467 | D:4      | Noticed a shadow
  3797 | D:4      | Found a hide-covered altar of Uskayaw.
  4393 | D:5      | Entered Level 5 of the Dungeon
  4422 | D:5      | Noticed a scorpion
  4439 | D:5      | Killed a scorpion
  4440 | D:5      | Reached skill level 5 in Transmutations
  4440 | D:5      | Reached XP level 5. HP: 31/37 MP: 5/8
  4444 | D:5      | Learned a level 3 spell: Spider Form
  4560 | D:5      | Reached skill level 1 in Poison Magic
  4712 | D:5      | Found a transporter.
  4712 | D:5      | Noticed gdog's ghost (weakling GnDe)
  4866 | D:5      | Found a transporter.
  4943 | D:5      | Reached XP level 6. HP: 41/43 MP: 5/9
  5152 | D:5      | Found a basalt altar of Yredelemnul.
  5458 | D:5      | Found a burning altar of Makhleb.
  5463 | D:5      | Found an ornate altar of the Wu Jian Council.
  5575 | D:5      | Became a worshipper of the Wu Jian Council
  6046 | D:6      | Identified the +5 ring mail of Elitism {rPois Str+4}
  6079 | D:6      | Found a staircase to the Ecumenical Temple.
  6089 | D:6      | Reached XP level 7. HP: 48/48 MP: 8/10
  6112 | Temple   | Entered the Ecumenical Temple
  6276 | D:6      | Reached skill level 5 in Poison Magic
  6293 | D:6      | Reached skill level 1 in Throwing
  6426 | D:6      | Noticed a yak
  6426 | D:6      | Noticed a yak
  6454 | D:6      | Killed a yak
  6461 | D:6      | Noticed a yak
  6470 | D:6      | Killed a yak
  6770 | D:6      | Noticed a yak
  6770 | D:6      | Noticed a yak
  6813 | D:5      | Learned a level 4 spell: Ice Form
  6967 | D:6      | Killed a yak
  6967 | D:6      | HP: 2/48 [spore (26)]
  6967 | D:6      | Slain by a yak

Illustrated notes

Levels and vault maps discovered:
D:1:      ldierk_walled_garden_2, layout_basic,
          nicolae_ecumenical_snake_handling
D:2:      layout_rooms
D:3:      layout_loops_ring, mainiacjoe_overflow_catwalk_spiral,
          uniq_crazy_yiuf_cottage
D:4:      layout_basic, riverfiend_overflow_shadow_ancestor,
          overflow_temple_1_default, tso_metal_star
D:5:      layout_loops_ring, minmay_overflow_temple_star_quad,
          gammafunk_ghost_mausoleum
D:6:      layout_loops_ring, minmay_temple_entry_crystal_x
Temple:   compressed_dpeg_triangle_lava_temple

Skill      XL: |  1  2  3  4  5  6  7 |
---------------+----------------------+-----
Transmutations | 2 3 5 |  5.0
Unarmed Combat | 3 |  3.0
Poison Magic   | 2 4 5 |  5.0
Throwing       | 4 |  4.4
Fighting       | |  1.0
Dodging        | |  1.7
Spellcasting   | |  2.0

Action                   |  1- 3 |  4- 6 |  7- 9 || total
-------------------------+-------+-------+-------++-------
Melee: Unarmed           |   145 |    94 |    38 ||   277
       Kick              |    33 |    17 |       ||    50
       Headbutt          |    16 |    14 |     1 ||    31
       Punch             |     4 |       |       ||     4
Throw: Dart              |       |     3 |     5 ||     8
 Cast: Beastly Appendage |    31 |    19 |     4 ||    54
       Wereblood         |     2 |     1 |       ||     3
       Spider Form       |       |     2 |     2 ||     4
Invok: Lunge             |       |       |     4 ||     4
  Use: Scroll            |     4 |     3 |     3 ||    10
       Potion            |     1 |     1 |     3 ||     5
 Stab: Sleeping          |     1 |     1 |       ||     2
       Distracted        |     1 |       |       ||     1
Armor: Robe              |    19 |     6 |       ||    25
       Skin              |       |     2 |     1 ||     3
       Ring mail         |       |       |    32 ||    32
Dodge: Dodged            |    81 |    62 |    35 ||   178

Table legend: (Time is in decaauts)
 A = Elapsed time spent in this place.
 B = Non-inter-level travel time spent in this place.
 C = Inter-level travel time spent in this place.
 D = Time resting spent in this place.
 E = Time spent auto-exploring this place.
 F = Levels seen in this place.
 G = Mean time per level.
                   A        B        C        D        E       F      G
               +--------+--------+--------+--------+--------+-----+--------+
         Total |   6955 |   6669 |    286 |   1318 |   4443 |   7 |  993.6 |
       Dungeon |   6954 |   6668 |    286 |   1318 |   4443 |   6 | 1159.0 |
        Temple |      1 |      1 |      0 |      0 |      0 |   1 |    1.0 |
               +--------+--------+--------+--------+--------+-----+--------+

Top non-repeatable levels by time:
     D:1: 1740 daAuts
     D:5: 1592 daAuts
     D:4: 993 daAuts
     D:6: 973 daAuts
     D:3: 903 daAuts
     D:2: 750 daAuts
  Temple: 1 daAuts
